 Dungeon Crawl Stone Soup version 0.31-a0-1589-g8f5e8aebd6 (webtiles) character file.

Game seed: 18443348628942769211

56 Fodor the Cudgeller (level 3, -2/33 HPs)
             Began as a Minotaur Cinder Acolyte on Jan 5, 2024.
             Was a High Priest of Ignis.
             Slain by Natasha (7 damage)
             ... on level 2 of the Dungeon.
             The game lasted 00:11:04 (1229 turns).

Fodor the Cudgeller (Minotaur Cinder Acolyte)       Turns: 1229, Time: 00:11:04

Health: -2/33      AC:  5    Str: 18    XL:     3   Next: 71%
Magic:  3/3        EV: 10    Int: 13    God:    Ignis [*****.]
Gold:   94         SH:  0    Dex:  5    Spells: 2/4 levels left

rFire   + . .        n - +3 long sword of Pixkosy Weha {venom, rN+}
rCold   . . .        (no shield)
rNeg    + . .        l - +0 ring mail
rPois   .            (helmet restricted)
rElec   .            (no cloak)
rCorr   .            (no gloves)
SInv    .            (no boots)
Will    .....        (no amulet) Stlth
                     (no ring)
HPRegen 0.25/turn    (no ring)
MPRegen 0.08/turn

%: no passive effects
@: slowed, very slow
A: horns 2, retaliatory headbutt
a: Renounce Religion, Fiery Armour, Foxfire Swarm, Rising Flame


You were on level 2 of the Dungeon.
You worshipped Ignis.
Ignis was extremely pleased with you.
You visited 1 branch of the dungeon, and saw 2 of its levels.

You collected 94 gold pieces.

Inventory:

Hand Weapons
 n - the +3 long sword of Pixkosy Weha (weapon) {venom, rN+}
   (You found it on level 2 of the Dungeon)

   rN+:       It protects you from negative energy.
Armour
 b - a +0 robe
 l - a +0 ring mail (worn)
Scrolls
 d - a scroll of noise {unknown}
 e - a scroll of acquirement {unknown}
 f - 3 scrolls of identify {unknown}
 g - a scroll of fog {unknown}
 h - 2 scrolls of blinking {unknown}
 i - a scroll of fear {unknown}
 m - 3 scrolls of enchant armour {unknown}
Potions
 c - 2 potions of heal wounds {unknown}
 j - a potion of brilliance {unknown}
 k - a potion of invisibility {unknown}


   Skills:
 + Level 4.3 Fighting
 + Level 4.5 Maces & Flails
 + Level 0.9 Dodging
 + Level 1.0 Spellcasting
 + Level 2.5 Fire Magic


You had 2 spell levels left.
You knew the following spells:

 Your Spells              Type           Power      Damage    Failure   Level
a - Scorch                Fire           14%        2d5       26%         2

Your spell library contained the following spells:

 Spells                   Type           Power      Damage    Failure   Level


Dungeon Overview and Level Annotations

Branches:
Dungeon (2/15)

Altars:

Annotations:
D:2 Natasha


Innate Abilities, Weirdness & Mutations

You have a pair of horns on your head.
You reflexively headbutt those who attack you in melee.


Message History

The giant cockroach bites you but does no damage.
The giant cockroach barely misses you.
Natasha casts a spell.
You barely miss the giant cockroach. The giant cockroach closely misses you.
The giant cockroach bites you but does no damage.
You closely miss the giant cockroach. You headbutt the giant cockroach.
You kill the giant cockroach!
The cerulean imp misses you. Natasha closely misses you.
You furiously retaliate!
You headbutt Natasha.
The cerulean imp hits you from afar with a +0 spear.
You barely miss Natasha.
Natasha is lightly wounded.
Natasha claws you.
The cerulean imp hits you but does no damage.
You hit Natasha but do no damage.
Natasha is poisoned.
Natasha is lightly wounded.
Natasha claws you.
The cerulean imp hits you but does no damage.
Natasha stares at you and mumbles some strange words.
You feel yourself slow down.
You miss Natasha.
Natasha is lightly wounded.
The cerulean imp hits you from afar with a +0 spear.
Natasha claws you. The cerulean imp closely misses you.
Natasha casts a spell at you. You resist with significant effort.
The cerulean imp hits you from afar with a +0 spear.
Natasha claws you!
* * * LOW HITPOINT WARNING * * *
The cerulean imp hits you but does no damage.
Natasha attacks as she pursues you! Natasha claws you but does no damage.
The cerulean imp attacks as it pursues you!
The cerulean imp hits you from afar with a +0 spear.
* * * LOW HITPOINT WARNING * * *
Natasha completely misses you. The cerulean imp barely misses you.
The cerulean imp disappears in a puff of smoke!
Natasha attacks as she pursues you! Natasha barely misses you.
Natasha claws you!
You die...
Natasha curls up and begins to purr.

. .... .. ..#
# ... ... .#
....###.##.##
............#
......§....#
....###.####
. #h# #@# #.#
♣#.########
♣.........#
♣..........##
♣♣♣#######.#
#.# #.#
#######.#


You could see Natasha (poisoned).

Vanquished Creatures
  An adder (D:2)
  2 ribbon worms (D:2)
  3 bats
  6 endoplasms
  5 giant cockroaches
  3 goblins
  4 hobgoblins
  2 quokkas
  5 ball pythons
  A frilled lizard (D:1)
  4 kobolds
  A rat (D:1)
37 creatures vanquished.

Notes
Turn   | Place    | Note
-------+----------+-------------------------------------------
     0 | D:1      | Fodor the Minotaur Cinder Acolyte began the quest for the
                  | Orb.
     0 | D:1      | Reached XP level 1. HP: 19/19 MP: 1/1
   343 | D:1      | Reached XP level 2. HP: 16/27 MP: 2/2
   807 | D:2      | Reached XP level 3. HP: 25/33 MP: 3/3
   873 | D:2      | Learned a level 2 spell: Scorch
  1174 | D:2      | Identified the +3 long sword of Pixkosy Weha {venom, rN+}
  1219 | D:2      | Noticed Natasha
  1229 | D:2      | Slain by Natasha

Illustrated notes

Levels and vault maps discovered:
D:1:      minmay_arrival_up_and_down, layout_basic, minivault_4, minivault_14
D:2:      layout_basic, serial_forest, infiniplex_forest_join,
          infiniplex_forest_lined_2, infiniplex_forest_lined_room_2,
          infiniplex_forest_end_2, infiniplex_forest_zigzag_1,
          infiniplex_forest_3_way, infiniplex_forest_lined_room_2,
          minmay_circle_x, uniq_natasha

Skill      XL: |  1  2 |
---------------+-------+-----
Fighting       | 4 |  4.3
Maces & Flails | 4 |  4.5
Dodging        | |  0.9
Spellcasting   | |  1.0
Fire Magic     | |  2.5

Action                     || total
---------------------------++-------
  Melee: Mace              ||    61
         Headbutt          ||    13
         Long sword        ||     6
 Armour: Robe              ||    41
         Ring mail         ||    24
  Dodge: Dodged            ||    58

Table legend: (Time is in decaauts)
 A = Elapsed time spent in this place.
 B = Non-inter-level travel time spent in this place.
 C = Inter-level travel time spent in this place.
 D = Time resting spent in this place.
 E = Time spent auto-exploring this place.
 F = Levels seen in this place.
 G = Mean time per level.
                   A        B        C        D        E       F      G
               +--------+--------+--------+--------+--------+-----+--------+
         Total |   1247 |   1247 |      0 |     17 |      0 |   2 |  623.5 |
       Dungeon |   1247 |   1247 |      0 |     17 |      0 |   2 |  623.5 |
               +--------+--------+--------+--------+--------+-----+--------+

Top non-repeatable levels by time:
     D:1: 725 daAuts
     D:2: 522 daAuts
